 Dungeon Crawl Stone Soup version 0.27.1-34-g3ba077fa99 (webtiles) character file.

Game seed: 12227756215395912490

91 pkoi the Insei (level 4, 0/38 HPs)
             Began as a Draconian Monk on Jan 7, 2022.
             Frozen to death by an endoplasm (5 damage)
             ... on level 3 of the Dungeon.
             The game lasted 00:02:29 (2862 turns).

pkoi the Insei (Draconian Monk)                     Turns: 2862, Time: 00:02:30

Health: 0/38       AC:  5    Str: 13    XL:     4   Next: 34%
Magic:  4/4        EV: 12    Int: 11    God:
Gold:   72         SH:  0    Dex: 14    Spells: 3/3 levels left

rFire    . . .     SeeInvis .   d - +1 dagger (venom)
rCold    . . .     Faith    .   (no shield)
rNeg     . . .     Spirit   .   (armour unavailable)
rPois    .         Reflect  .   (helmet restricted)
rElec    .         Harm     .   (no cloak)
rCorr    .         Rampage  .   (no gloves)
Will     .....                  (no boots)
Stlth    ++........             f - amulet of magic regeneration
HPRegen  0.12/turn              (no ring)
MPRegen  0.34/turn              (no ring)

@: slowed, very slow
A: AC +5, unfitting armour, cold-blooded
a: no special abilities


You were on level 3 of the Dungeon.
You visited 1 branch of the dungeon, and saw 3 of its levels.

You collected 72 gold pieces.

Inventory:

Hand Weapons
 a - a +0 short sword
 d - a +1 dagger of venom (weapon)
Missiles
 h - 9 poisoned darts (quivered)
Jewellery
 f - an amulet of magic regeneration (around neck)
Scrolls
 c - 3 scrolls of teleportation {unknown}
 g - a scroll of fear {unknown}
 i - a scroll of magic mapping {unknown}
Potions
 b - a potion of curing {unknown}
 e - a potion of heal wounds {unknown}


   Skills:
 - Level 3.2 Fighting
 - Level 2.6 Dodging
 - Level 1.7 Stealth
 + Level 5.2 Unarmed Combat


You had 3 spell levels left.
You didn't know any spells.
Your spell library contained the following spells:

 Spells                   Type           Power      Damage    Failure   Level
 Apportation              Tloc           0%         N/A       34%         1
 Shock                    Conj/Air       0%         1d3       34%         1
 Summon Small Mammal      Summ           0%         N/A       34%         1
 Call Canine Familiar     Summ           0%         N/A       71%         3
 Summon Guardian Golem    Hex/Summ       0%         N/A       71%         3
 Swiftness                Air            0%         N/A       71%         3
 Airstrike                Air            0%         N/A       98%         4
 Alistair's Intoxication  Tmut/Pois      0%         N/A       100%        5
 Invisibility             Hex            0%         N/A       100%        6


Dungeon Overview and Level Annotations

Branches:
Dungeon (3/15)

Altars:

Annotations:
D:2 Sigmund
D:3 1 runed translucent door, Crazy Yiuf


Innate Abilities, Weirdness & Mutations

Your plain brown scales are hard. (AC +5)
You cannot fit into any form of body armour.
You are cold-blooded and may be slowed by cold attacks.


Message History

The scorpion zombie completely misses you.
The orc barely misses you.
You hit the scorpion zombie. You tail-slap the scorpion zombie.
The scorpion zombie is moderately damaged.
The scorpion zombie hits you.
You hit the scorpion zombie but do no damage.
The scorpion zombie is moderately damaged.
The scorpion zombie hits you but does no damage.
The orc barely misses you. The endoplasm hits you.
You hit the scorpion zombie but do no damage.
The scorpion zombie is moderately damaged.
The scorpion zombie hits you but does no damage.
The orc hits you with a +0 flail. The endoplasm closely misses you.
You hit the scorpion zombie but do no damage.
The scorpion zombie is moderately damaged.
The orc completely misses you.
The scorpion zombie hits you but does no damage.
The orc misses you. The endoplasm closely misses you.
You hit the scorpion zombie but do no damage.
The scorpion zombie is moderately damaged.
The orc hits you with a +0 short sword. The scorpion zombie hits you!
* * * LOW HITPOINT WARNING * * *
The orc closely misses you. The orc barely misses you.
The endoplasm freezes you.
You are frozen.
* * * LOW HITPOINT WARNING * * *
You feel yourself slow down. The scorpion zombie hits you.
* * * LOW HITPOINT WARNING * * *
The orc hits you with a +0 flail.
* * * LOW HITPOINT WARNING * * *
The endoplasm freezes you.
You are frozen.
* * * LOW HITPOINT WARNING * * *
You feel as though you will be slow longer.
The orc hits you with a +0 flail.
* * * LOW HITPOINT WARNING * * *
The endoplasm freezes you.
You are frozen.
You die...

##'#######.##########.##.####
#.# #.#............# ##'####
#.#.####..####.# ......#
#.#.#..#.## ### ......#
#.#.#..#(# .#
......####'#.#....# ..+
......#...........##..#
......#......####..#'##
......#......+..@.....#
......#......####Jo...# #
.#'####...)..##.oo.##.## .#
......+......''..Z.'...###..#
...####......##....###.....#
##.# #...[..####....#...###
.#.# ######## #.......## .#.#
#....####
.#.##############....#


You could see 2 orcs, a scorpion zombie and an endoplasm.

Vanquished Creatures
  2 adders (D:2)
  A dart slug (D:1)
  9 orcs (D:3)
  3 bats
  4 endoplasms
  2 giant cockroaches
  8 goblins
  4 hobgoblins
  4 jackals (D:2)
  6 kobolds
  A quokka (D:2)
  4 ball pythons
  2 frilled lizards
  7 rats
57 creatures vanquished.

Notes
Turn   | Place    | Note
-------+----------+-------------------------------------------
     0 | D:1      | pkoi the Draconian Monk began the quest for the Orb.
     0 | D:1      | Reached XP level 1. HP: 19/19 MP: 1/1
   301 | D:1      | Reached XP level 2. HP: 26/26 MP: 2/2
   480 | D:1      | Found a faded altar of an unknown god.
   962 | D:2      | Reached skill level 4 in Unarmed Combat
   969 | D:2      | Reached XP level 3. HP: 20/31 MP: 3/3
  1307 | D:2      | Noticed Sigmund
  1940 | D:3      | Reached XP level 4. HP: 20/38 MP: 4/4
  2146 | D:3      | Reached skill level 5 in Unarmed Combat
  2719 | D:3      | Found a runed translucent door.
  2720 | D:3      | Noticed Crazy Yiuf
  2862 | D:3      | Frozen to death by an endoplasm

Illustrated notes

Levels and vault maps discovered:
D:1:      wander_arrival_peaceful_grave, layout_loops_ring,
          dreamdust_ecumenical_altar_hidden_monk_grotto,
          amcnicky_mini_corridor_feature, minmay_misc_feat_enclosed
D:2:      minmay_alternating_diamond, layout_basic, uniq_sigmund
D:3:      layout_basic, minmay_statues_item, minmay_joined_circles,
          uniq_crazy_yiuf_cottage, uniq_jessica

Skill      XL: |  1  2  3  4 |
---------------+-------------+-----
Unarmed Combat | 4 5 |  5.2
Fighting       | |  3.2
Dodging        | |  2.6
Stealth        | |  1.7

Action                   |  1- 3 |  4- 6 || total
-------------------------+-------+-------++-------
Melee: Unarmed           |    27 |       ||    27
       Tailslap          |    12 |     9 ||    21
       Dagger            |    67 |    57 ||   124
       Punch             |     2 |     1 ||     3
 Stab: Sleeping          |     3 |     2 ||     5
Armor: Skin              |    24 |    15 ||    39
Dodge: Dodged            |    63 |    31 ||    94
